 Dungeon Sprint DCSS version 0.23-a0-171-g5ae17c6 (webtiles) character file.

325 Fang the Fighter (level 6, -5/69 HPs)
             Began as a Gargoyle Berserker on Sept 14, 2018.
             Was a Believer of Trog.
             Engulfed by a draconian's freezing vapour (8 damage)
             ... in the Dungeon (Sprint V: "Ziggurat Sprint").
             The game lasted 00:01:23 (372 turns).

Fang the Fighter (Gargoyle Berserker)                Turns: 372, Time: 00:01:23

Health: -5/69      AC:  9    Str: 40    XL:     6   Next: 48%
Magic:  6/6        EV: 13    Int:  7    God:    Trog [**....]
Gold:   0          SH:  0    Dex:  9    Spells: 5/5 levels left

rFire    . . .     SeeInvis +   k - +5 executioner's axe
rCold    + . .     Gourm    .   (shield currently unavailable)
rNeg     + . .     Faith    .   b - +1 leather armour of Follow the Leader {rC+ rCorr SInv}
rPois    ∞         Spirit   .   (no helmet)
rElec    +         Reflect  .   (no cloak)
rCorr    +         Harm     .   (no gloves)
MR       .....     NoTele   +   (no boots)
Stlth    ..........             (no amulet)
HPRegen  0.21/turn              D - +6 ring of strength
MPRegen  0.10/turn              E - +6 ring of strength

@: berserking (expiring), very quick
A: negative energy resistance 1, electricity resistance, unbreathing,
petrification resistance, rot immunity, AC +4
a: Berserk, Trog's Hand, Renounce Religion


You were in the Dungeon.
You worshipped Trog.
Trog was pleased with you.
You were hungry.

You visited 1 branch

Inventory:

Hand Weapons
 a - a +3 battleaxe of chopping
 k - a +5 executioner's axe (weapon)
Armour
 b - the +1 leather armour of Follow the Leader (worn) {rC+ rCorr SInv}
   (You found it in the Dungeon)

   It protects you from cold.
   It lets you see invisible.
   It provides partial protection from all sources of acid and corrosion.
 j - +5 shadow dragon scales
 z - a +1 leather armour of fire resistance
Jewellery
 D - a +6 ring of strength (left hand)
 E - a +6 ring of strength (right hand)
Wands
 w - a wand of disintegration (7)
 x - a wand of iceblast (7)
 y - a wand of acid (7)
Scrolls
 i - 4 scrolls of blinking
 l - 7 scrolls of fog
 m - a scroll of holy word
 n - 5 scrolls of identify
 o - 5 scrolls of remove curse
 p - 2 scrolls of fear
Potions
 d - 10 potions of curing
 e - 10 potions of heal wounds
 f - 6 potions of haste
 g - 7 potions of magic
 h - 3 potions of berserk rage
 q - 2 potions of brilliance
 r - 2 potions of invisibility
 s - 4 potions of resistance
 t - a potion of experience
 u - 5 potions of agility
 v - 5 potions of might
Comestibles
 c - 7 rations


   Skills:
 + Level 9.3 Fighting
 + Level 8.5 Axes
 + Level 5.3 Armour
 + Level 3.4 Dodging
 + Level 0.2 Stealth


You had 5 spell levels left.
You didn't know any spells.
Your spell library was empty.

Dungeon Overview and Level Annotations

Branches:
Dungeon (1/1)

Altars:
Ashenzari
Cheibriados
Dithmenos
Elyvilon
Fedhas
Gozag
Hepliaklqana
Kikubaaqudgha
Makhleb
Nemelex Xobeh
Okawaru
Qazlal
Ru
Sif Muna
Trog
Uskayaw
Vehumet
Wu Jian
Xom
Yredelemnul
Zin
The Shining One
Beogh
Jiyva
Lugonu

Annotations:
D 1 transporter


Innate Abilities, Weirdness & Mutations

You are resistant to torment.
Your stone body is resilient. (AC +4)
You are immune to poison.
You resist negative energy. (rN+)
You are resistant to electric shocks. (rElec)
You can survive without breathing.
You are immune to petrification.
You are immune to rotting.


Message History

The draconian hits you with the +8 frozen axe "Frostbite" {freezing cloud,
* * * LOW HITPOINT WARNING * * *
The draconian misses you. The draconian hits you with a hand axe.
* * * LOW HITPOINT WARNING * * *
The draconian misses you.
You are too injured to fight recklessly!
You slash the draconian!
The draconian is heavily wounded.
You slash the draconian! x3; You are engulfed in freezing vapours.
You resist.
* * * LOW HITPOINT WARNING * * *
The draconian barely misses you.
The draconian hits you but does no damage.
The draconian hits you with a falchion!
* * * LOW HITPOINT WARNING * * *
The draconian barely misses you.
You barely miss the draconian.
The draconian is heavily wounded.
You closely miss the draconian. You slash the draconian! You hit the draconian.
You are engulfed in freezing vapours.
You resist.
You die...

▓▓▓▓▓▓▓▓▓▓▓▓▓▓▓▓▓▓▓
▓.8©8.▓.8©8.▓.8©8.▓
▓.."}.▓.....▓.....▓
▓..)..▓.....▓.".[.▓
▓.....▓.....▓.....▓
▓.ddd.▓.....▓.....▓
▓..@d.▓.....▓..©..▓
▓..©..▓..©..▓▓▓▓▓▓▓
▓▓▓▓▓▓▓▓▓▓▓▓▓


You could see 4 draconians.

Vanquished Creatures
  A tarantella (D)
  A water moccasin (D)
  A scorpion (D)
  2 adders (D)
5 creatures vanquished.

Vanquished Creatures (others)
  3 death oozes (D)
  Erica (D)
  A spatial maelstrom (D)
  Psyche (D)
6 creatures vanquished.

Grand Total: 11 creatures vanquished

Notes
Turn   | Place    | Note
-------+----------+-------------------------------------------
     0 | D        | Found the +6 Majin-Bo {vamp, Archmagi MP+6 Int+6}
     0 | D        | Found the +7 great mace "Firestarter" {inner flame, rF++}
     0 | D        | Fang the Gargoyle Berserker began the quest for the Orb.
     0 | D        | Reached XP level 1. HP: 14/14 MP: 1/1
     3 | D        | Found a blossoming altar of Fedhas.
     4 | D        | Found a viscous altar of Jiyva.
     4 | D        | Found a hazy altar of Hepliaklqana.
     4 | D        | Found a transporter.
     4 | D        | Found an opulent altar of Gozag.
     4 | D        | Found an ancient bone altar of Kikubaaqudgha.
     4 | D        | Found a corrupted altar of Lugonu.
     8 | D        | Found a burning altar of Makhleb.
     9 | D        | Found a sacrificial altar of Ru.
     9 | D        | Found a stormy altar of Qazlal.
     9 | D        | Found a deep blue altar of Sif Muna.
     9 | D        | Found an iron altar of Okawaru.
     9 | D        | Found a bloodstained altar of Trog.
     9 | D        | Found a sparkling altar of Nemelex Xobeh.
    20 | D        | Killed Psyche
    28 | D        | Banished a spatial maelstrom
    70 | D        | Entered arena 2.
    70 | D        | Noticed a scorpion
    70 | D        | Noticed a tarantella
    70 | D        | Found a transporter.
    71 | D        | Found the +10 large shield of Ignorance {rN+ Int-4}
    75 | D        | Killed a tarantella
    75 | D        | Reached skill level 7 in Fighting
    75 | D        | Reached XP level 2. HP: 8/25 MP: 2/2
    75 | D        | Reached XP level 3. HP: 10/29 MP: 3/3
    75 | D        | Reached XP level 4. HP: 12/35 MP: 4/4
    75 | D        | Reached XP level 5. HP: 13/39 MP: 5/5
    75 | D        | Reached skill level 8 in Fighting
   259 | D        | Killed Erica
   281 | D        | Killed a death ooze
   305 | D        | Entered arena 3.
   305 | D        | Noticed a water moccasin
   305 | D        | Killed a death ooze
   305 | D        | Found a transporter.
   308 | D        | Reached ** piety under Trog
   312 | D        | Killed a water moccasin
   312 | D        | Reached skill level 9 in Fighting
   312 | D        | Reached skill level 5 in Armour
   312 | D        | Reached XP level 6. HP: 46/46 MP: 6/6
   322 | D        | Got the +1 leather armour of Follow the Leader {rC+ rCorr
                  | SInv}
   364 | D        | Entered arena 4.
   364 | D        | Noticed a draconian
   364 | D        | Noticed a draconian
   364 | D        | Noticed a draconian
   364 | D        | Noticed a draconian
   364 | D        | Found a transporter.
   367 | D        | Killed a death ooze
   371 | D        | HP: 3/69 [draconian/falchion (8)]
   372 | D        | Engulfed by a draconian's freezing vapour

Vault maps used:
D:        sprint_v

Skill      XL: |  1  2  3  4  5 |
---------------+----------------+-----
Fighting       | 7 9 |  9.3
Axes           | 6 8 |  8.5
Armour         | 4 5 |  5.3
Dodging        | 2 3 |  3.4
Stealth        | |  0.2

Action                   |  1- 3 |  4- 6 || total
-------------------------+-------+-------++-------
Melee: Executioner's axe |     4 |    12 ||    16
Invok: Berserk           |     1 |     2 ||     3
Armor: Shadow dragon sca |     5 |     8 ||    13
       Leather armour    |       |     4 ||     4
Dodge: Dodged            |       |    13 ||    13

Table legend:
 A = Non-vault XP
 B = Vault XP
 C = Vault XP percentage of total XP
 D = Non-vault monster count
 E = Vault monster count
 F = Vault count percentage of total count
                 A         B        C        D         E       F
            +---------+---------+-------+---------+---------+-------
      Total |       0 |     465 | 100.0 |       0 |       5 | 100.0
            +---------+---------+-------+---------+---------+-------
          D |       0 |     465 | 100.0 |       0 |       5 | 100.0
            +---------+---------+-------+---------+---------+-------
